 Dungeon Crawl Stone Soup version 0.17-a0-2093-gc772f4b (webtiles) character file.

186 tp1 the Magician (level 5, -8/28 HPs)
             Began as a Deep Elf Conjurer on Oct 16, 2015.
             Mangled by an ogre
             ... wielding a +0 giant club
              (21 damage)
             ... on level 5 of the Dungeon.
             The game lasted 00:19:40 (4557 turns).

tp1 the Magician (Deep Elf Conjurer)                Turns: 4557, Time: 00:19:40

Health: -8/28      AC:  4    Str:  5    XL:     5   Next: 38%
Magic:  15/15      EV:  7    Int: 21    God:
Gold:   217        SH:  0    Dex: 15    Spells: 3 memorised, 9 levels left

rFire  . . .     SeeInvis .     H - +0 short sword (curse)
rCold  . . .     Clarity  .     d - +0 leather armour
rNeg   . . .     SustAt   .     (no shield)
rPois  .         Gourm    .     (no helmet)
rElec  .         Spirit   .     f - +0 cloak
rCorr  .         Warding  .     (no gloves)
rMut   .         Stasis   .     (no boots)
MR     .....                    y - amulet of inaccuracy (curse)
Stlth  ++........               (no ring)
                                r - ring of flight

@: not resistant to hostile enchantments, unstealthy
A: no striking features
a: Evoke Flight


You were on level 5 of the Dungeon.
You were very hungry.

You visited 1 branch of the dungeon, and saw 5 of its levels.

You collected 217 gold pieces.

Inventory:

Hand Weapons
 j - a +0 dagger
 H - a cursed +0 short sword (weapon)
Missiles
 t - 8 needles of confusion
Armour
 a - a +0 robe
 d - a +0 leather armour (worn)
 f - a +0 cloak (worn)
Jewellery
 r - a ring of flight (left hand)
 y - a cursed amulet of inaccuracy (around neck)
 J - an uncursed ring of stealth {unknown}
Scrolls
 e - 5 scrolls of identify {unknown}
 i - 2 scrolls of random uselessness {unknown}
 k - a scroll of teleportation {unknown}
 l - 2 scrolls of fear {unknown}
 n - 2 scrolls of enchant weapon {unknown}
 o - 2 scrolls of noise {unknown}
 q - 2 scrolls of amnesia {unknown}
 s - 2 scrolls of fog {unknown}
 z - 2 scrolls of remove curse {unknown}
 D - a scroll of blinking {unknown}
Potions
 m - 4 potions of curing {unknown}
 u - 2 potions of brilliance {unknown}
 w - a potion of beneficial mutation {unknown}
 x - 2 potions of ambrosia {unknown}
 A - a potion of cancellation {unknown}
 B - a potion of lignification {unknown}
 C - 3 potions of poison {unknown}
 E - a potion of magic {unknown}
 G - 2 potions of haste {unknown}
 K - a potion of invisibility {unknown}
Books
 b - a book of Conjurations

   Spells                             Type                      Level
   a - Magic Dart                     Conjuration                  1
   b - Searing Ray                    Conjuration                  2
   c - Dazzling Spray                 Conjuration/Hexes            3
   d - Fulminant Prism                Conjuration/Hexes            4
   e - Iskenderun's Mystic Blast      Conjuration                  4
   f - Iskenderun's Battlesphere      Conjuration/Charms           5
Comestibles
 c - 3 bread rations
 g - 3 beef jerkies
 p - 2 slices of pizza
 v - 3 fruits
 F - 2 meat rations


   Skills:
 - Level 2.0 Short Blades
 - Level 3.0 Dodging
 - Level 2.4 Stealth
 + Level 5.9 Spellcasting
 - Level 5.0 Conjurations


You had 9 spell levels left.
You knew the following spells:

 Your Spells              Type           Power        Failure   Level  Hunger
a - Magic Dart            Conj           ####         1%          1    None
b - Searing Ray           Conj           ####..       3%          2    None
c - Dazzling Spray        Conj/Hex       ###.....     17%         3    ##.....


Dungeon Overview and Level Annotations

Branches:
Dungeon (5/15)
 Temple: D:4-7

Altars:

Annotations:
D:4 Sigmund


Message History

* * * LOW HITPOINT WARNING * * *
Unknown command.
There is a stone staircase leading down here.
Casting: Searing Ray
Confirm with . or Enter, or press ? or * to list all spells.
Aiming: Searing Ray
Press: ? - help, Shift-Dir - straight line, f/p - ogre
Aim: an ogre, wielding a giant club
Okay, then.
You are feeling very hungry.
There is a stone staircase leading down here.
There is a stone staircase leading down here.
You can't go up here!
You climb downwards.
An orc wizard and a zombie come into view.
Found 15 gold pieces and a blackened wooden ring.
There is a stone staircase leading up here.
The ogre hits you with a giant club!!
Ouch! That really hurt!
You die...

### ....#
#.. ....#
###...
....##
...$..
.....#
#.....#
.....
.......#...#
#...O....##
#....@....#
######.#..#
... # ....#
......
##.....
..#o. =..Z.


You could see an ogre, an orc wizard (sleeping) and a centaur zombie (dormant).

Vanquished Creatures
  An ogre (D:4)
  3 adders
  3 worms
  A giant gecko (D:1)
  2 giant cockroaches
  8 hobgoblins
  6 jackals (D:2)
  9 kobolds
  3 quokkas (D:2)
  2 ball pythons
  6 bats
  2 giant newts
  5 goblins
  11 rats
62 creatures vanquished.

Notes
Turn   | Place    | Note
--------------------------------------------------------------
     0 | D:1      | tp1 the Deep Elf Conjurer began the quest for the Orb.
     0 | D:1      | Reached XP level 1. HP: 10/10 MP: 6/6
   419 | D:1      | Reached XP level 2. HP: 13/15 MP: 1/8
  1478 | D:2      | Reached XP level 3. HP: 17/19 MP: 5/10
  1482 | D:2      | Learned a level 2 spell: Searing Ray
  1486 | D:2      | Learned a level 3 spell: Dazzling Spray
  1717 | D:2      | Reached skill level 5 in Conjurations
  2212 | D:2      | Reached skill level 1 in Short Blades
  2468 | D:2      | Reached XP level 4. HP: 11/24 MP: 1/12
  3726 | D:4      | Noticed an ogre
  3993 | D:4      | Killed an ogre
  3993 | D:4      | Reached skill level 5 in Spellcasting
  3993 | D:4      | Reached XP level 5. HP: 7/28 MP: 0/15
  4039 | D:4      | Noticed Sigmund
  4294 | D:5      | Entered Level 5 of the Dungeon
  4430 | D:4      | Noticed an ogre
  4557 | D:5      | Mangled by an ogre

Vault maps used:
D:1:      nicolae_arrival_somewhat_less_tricky_arrival
D:2:      serial_bayou_crossing
D:3:      nrook_uturn
D:4:      first_bread, uniq_sigmund
D:5:      nemelex_lonely_heart_becter, uniq_blork_the_orc, uniq_eustachio

Action                   |  1- 3 |  4- 6 || total
-------------------------+-------+-------++-------
Melee: Unarmed           |     5 |       ||     5
       Dagger            |    14 |     3 ||    17
       Short sword       |       |     1 ||     1
 Cast: Magic Dart        |    84 |    44 ||   128
       Searing Ray       |     6 |     9 ||    15
  Use: Potion            |       |     1 ||     1
  Eat: Chunk             |     3 |     7 ||    10
